 Dungeon Crawl Stone Soup version 0.32-a0-928-g1cae6b7ea0 (webtiles) character file.

Game seed: 17995283502752009825

62 uglyjohn the Changeling (level 3, -1/29 HPs)
             Began as a Draconian Shapeshifter on Apr 12, 2024.
             Slain by a black bear (2 damage)
             ... on level 4 of the Dungeon.
             The game lasted 00:03:00 (1857 turns).

uglyjohn the Changeling (Draconian Shapeshifter)    Turns: 1857, Time: 00:03:01

Health: -1/29      AC:  5    Str: 18    XL:     3   Next: 85%
Magic:  0/3        EV: 11    Int: 10    God:
Gold:   113        SH:  0    Dex: 10    Spells: 2/2 levels left

rFire   + . .        f - +2 dagger (flame)
rCold   . . .        (no shield)
rNeg    . . .        (body armour unavailable)
rPois   .            (helmet currently unavailable)
rElec   .            (cloak currently unavailable)
rCorr   .            (gloves currently unavailable)
SInv    .            (boots currently unavailable)
Will    .....        e - amulet of guardian spirit
Stlth   +            j - ring of protection from fire
HPRegen 0.24/turn    (no ring)
MPRegen 0.08/turn

%: guardian spirit
@: beast-form
A: beast (slay +2), AC +5, unfitting armour, cold-blooded
a: Begin Untransformation


You were on level 4 of the Dungeon.
You were a hulking beast.
You visited 1 branch of the dungeon, and saw 4 of its levels.

You collected 113 gold pieces.

Inventory:

Hand Weapons
 f - a +2 dagger of flaming (weapon)
Jewellery
 e - an amulet of guardian spirit (around neck)
 j - a ring of protection from fire (left hand)
Talismans
 b - a beast talisman (active)
 c - a flux talisman
Scrolls
 h - 4 scrolls of identify {unknown}
 k - a scroll of blinking {unknown}
 l - 3 scrolls of teleportation {unknown}
Potions
 a - a potion of lignification
 d - 2 potions of heal wounds {unknown}
 g - 2 potions of might {unknown}
 i - a potion of curing {unknown}
 m - a potion of cancellation {unknown}


   Skills:
 + Level 2.0 Fighting
 + Level 2.3 Dodging
 + Level 3.4 Unarmed Combat
 * Level 3.7 Shapeshifting


You had 2 spell levels left.
You didn't know any spells.
Your spell library contained the following spells:

 Spells                   Type           Power      Damage    Failure   Level
 Summon Ice Beast         Ice/Summ       0%         N/A       75%         3
 Summon Mana Viper        Hex/Summ       0%         N/A       100%        5
 Monstrous Menagerie      Summ           0%         N/A       100%        7


Dungeon Overview and Level Annotations

Branches:
Dungeon (4/15)
 Temple: D:4-7

Altars:


Innate Abilities, Weirdness & Mutations

You are a hulking beast.
Your limbs bulge with bestial killing power. (Slay +2)
Your plain brown scales are hard. (AC +5)
You cannot fit into any form of body armour.
You are cold-blooded and may be slowed by cold attacks.


Message History

The black bear bites you.
The black bear claws you but does no damage. x2
You hit the black bear. You burn the black bear.
The black bear is moderately wounded.
The black bear bites you but does no damage.
The black bear barely misses you. The black bear closely misses you.
You hit the black bear. You burn the black bear.
The black bear is heavily wounded.
The black bear bites you.
The black bear claws you but does no damage.
The black bear barely misses you.
You hit the black bear. You burn the black bear.
The black bear is severely wounded.
The black bear barely misses you.
The black bear claws you but does no damage.
The black bear claws you.
You barely miss the black bear.
The black bear is severely wounded.
The black bear misses you.
The black bear claws you but does no damage.
The black bear barely misses you.
You hit the black bear but do no damage.
You tail-slap the black bear.
The black bear is severely wounded.
The black bear barely misses you. The black bear claws you.
The black bear claws you but does no damage.
You barely miss the black bear.
The black bear is severely wounded.
The black bear goes berserk!
You hit the black bear. You burn the black bear. You tail-slap the black bear.
The black bear is almost dead.
The black bear bites you.
* * * LOW HITPOINT WARNING * * *
The black bear claws you but does no damage.
The black bear claws you.
* * * LOW HITPOINT WARNING * * *
The black bear bites you.
* * * LOW HITPOINT WARNING * * *
The black bear claws you.
You die...

#$....#
#...<.#
#.....#
#.....#
#.....#
#.....#
####...<.##
#.........#
#....h....#
#...h...#.#
#.......#.#
....#######..
.... ## .. .


You could see a black bear (berserk).

Vanquished Creatures
  An adder (D:2)
  A ribbon worm (D:2)
  4 ball pythons
  2 endoplasms
  2 giant cockroaches (D:1)
  4 hobgoblins
  6 jackals (D:2)
  A quokka (D:1)
  4 bats
  7 goblins
  5 kobolds
  10 rats
47 creatures vanquished.

Notes
Turn   | Place    | Note
-------+----------+-------------------------------------------
     0 | D:1      | uglyjohn the Draconian Shapeshifter began the quest for the
                  | Orb.
     0 | D:1      | Reached XP level 1. HP: 16/16 MP: 1/1
   267 | D:1      | Reached XP level 2. HP: 23/23 MP: 2/2
   815 | D:2      | Reached XP level 3. HP: 29/29 MP: 3/3
  1026 | D:2      | Found a faded altar of an unknown god.
  1842 | D:4      | Noticed a black bear
  1857 | D:4      | HP: 1/29 [black bear (5)]
  1857 | D:4      | Slain by a black bear

Illustrated notes

Levels and vault maps discovered:
D:1:      tarquinn_simple_flora_water_c, layout_loops_ring
D:2:      layout_rooms, nicolae_ecumenical_lake_church
D:3:      layout_loops_cross, kennysheep_generic_room_14
D:4:      layout_basic, kennysheep_little_box, temple_green,
          ebering_ghost_reflecting_pool, minmay_fractal_squares_5, uniq_duvessa

Skill      XL: |  1  2  3 |
---------------+----------+-----
Dodging        | 2 |  2.3
Fighting       | 2 |  2.0
Unarmed Combat | |  3.4
Shapeshifting  | |  3.7

Action                     || total
---------------------------++-------
  Melee: Unarmed           ||    36
         Tailslap          ||    16
         Dagger            ||    71
 Armour: Skin              ||    69
  Dodge: Dodged            ||    66

Table legend: (Time is in decaauts)
 A = Elapsed time spent in this place.
 B = Non-inter-level travel time spent in this place.
 C = Inter-level travel time spent in this place.
 D = Time resting spent in this place.
 E = Time spent auto-exploring this place.
 F = Levels seen in this place.
 G = Mean time per level.
                   A        B        C        D        E       F      G
               +--------+--------+--------+--------+--------+-----+--------+
         Total |   1858 |   1793 |     65 |     79 |   1392 |   4 |  464.5 |
       Dungeon |   1858 |   1793 |     65 |     79 |   1392 |   4 |  464.5 |
               +--------+--------+--------+--------+--------+-----+--------+

Top non-repeatable levels by time:
     D:1: 740 daAuts
     D:3: 736 daAuts
     D:2: 366 daAuts
     D:4: 15 daAuts
